 Dungeon Crawl Stone Soup version 0.15-a0-1309-g3520d71 (webtiles) character file.

702 Bloax the Insei (level 7, -12/35 HPs)
             Began as a Vine Stalker Monk on June 7, 2014.
             Mangled by Somebody's ghost (14 damage)
             ... on Level 6 of the Dungeon.
             The game lasted 00:12:36 (1989 turns).

Bloax the Insei (Vine Stalker Monk)                 Turns: 1989, Time: 00:12:36

HP -12/35        AC  4     Str 14      XL: 7   Next: 66%
MP   0/20        EV 13     Int  9      God:
Gold 250         SH  0     Dex 18      Spells:  2 memorised, 13 levels left

rFire  . . .     SeeInvis .     p - +7,+10 spear "Plohudat" {venom, rPois Int-1}
rCold  . . .     Clarity  .     a - +1 robe
rNeg   . . .     rCorr    .     (no shield)
rPois  +         rRot     +     (no helmet)
rElec  .         Spirit   +     k - +0 cloak
SustAb .         Warding  .     (no gloves)
rMut   .         Stasis   .     (no boots)
Gourm  .                        (no amulet)
MR     .....                    (no ring)
                                (no ring)

@: confused, not resistant to hostile enchantments, very unstealthy
A: fangs 2, regeneration 2, magic shield, antimagic bite, no device heal 3, rot
immunity
a: no special abilities


You were on level 6 of the Dungeon.
You were not hungry.

You visited 1 branch of the dungeon, and saw 6 of its levels.
You also visited: Sewer.

You collected 250 gold pieces.


Innate Abilities, Weirdness & Mutations

You have extremely sharp teeth.
You heal very quickly.
When hurt, damage is shared between your health and your magic reserves.
Your bite disrupts and absorbs the magic of your enemies.
Potions and wands cannot restore your health.
You are immune to rotting.


   Skills:
 - Level 2.6 Fighting
 - Level 2.4 Dodging
 - Level 2.4 Stealth
 + Level 6.8 Unarmed Combat
 - Level 5.0 Spellcasting
 - Level 2.8 Poison Magic


You had 13 spell levels left.
You knew the following spells:

 Your Spells              Type           Power        Failure   Level  Hunger
a - Sting                 Conj/Pois      #...         14%         1    #......
b - Cure Poison           Pois           #.........   12%         2    ##.....


Dungeon Overview and Level Annotations

Branches:
Dungeon (6/15)
 Temple: D:4-7

Altars:
Ashenzari
Elyvilon
Nemelex Xobeh
Vehumet
Xom

Shops:
D:4 (

Annotations:
D:6 Pikel; Somebody's ghost, experienced DECj

Inventory:

Hand weapons
 p - the +7,+10 spear "Plohudat" (weapon) {venom, rPois Int-1}
   (You found it on level 5 of the Dungeon)

   It poisons the flesh of those it strikes.
   It affects your intelligence (-1).
   It protects you from poison.
Armour
 a - a +1 robe (worn)
 k - a +0 cloak (worn)
   (You took it off Crazy Yiuf on level 2 of the Dungeon)
Magical devices
 d - a wand of digging (6)
   (You found it on level 3 of the Dungeon)
 g - a wand of enslavement (9)
   (You found it on level 5 of the Dungeon)
Comestibles
 b - 3 bread rations
 i - 4 beef jerkies
 t - 4 meat rations
Scrolls
 f - 4 scrolls of remove curse
 h - 3 scrolls of enchant armour
 j - a scroll of blinking {unknown}
 o - 2 scrolls of identify {unknown}
 s - 2 scrolls of teleportation {unknown}
 u - a scroll of noise {unknown}
 v - a scroll of summoning {unknown}
Jewellery
 e - an uncursed ring of teleportation
   (You found it on level 2 of the Dungeon)
Potions
 c - a potion of restore abilities
 l - a potion of paralysis {unknown}
 m - 2 potions of agility {unknown}
 n - a potion of brilliance
 q - 2 potions of might {unknown}
 r - a potion of flight {unknown}
 w - a potion of magic {unknown}

......###.#.......
.#.....
#<#!.......
#......#..........
..#...#.##....P..
' #....# #####
####p# #p#
#.#######...
#pW@........
#.#######... #.#
..# ..## ... ....
... .


You could see a slave and Somebody's ghost.


Message History

There is an escape hatch in the ceiling here.
Evoke which item? (* to show all) (? for menu, Esc to quit)
Zapping:
g - a wand of enslavement {zapped: 2}
Aim: a worker ant (resting)
The worker ant is charmed.
Unknown command.
What do you say? t - Shout!
Orders for allies: a - Attack new target. p - Attack previous target. r - Retreat! s - Stop attacking. w - Wait here. f - Follow me.
Anything else - Stay silent.
Gang up on whom?
Aim: a giant spore (resting) Attack!
The slave hits you but does no damage.
The giant spore moves out of view.
Unknown command.
Your worker ant bites the giant spore.
The giant spore explodes!
Your worker ant appears confused.
The explosion of spores engulfs your worker ant.
Your worker ant is killed!
A fungus suddenly grows.
An active ballistomycete comes into view.
The slave hits you.
Somebody's ghost (experienced Deep Elf Conjurer) comes into view.
Somebody's ghost barely misses you.
You closely miss Somebody's ghost. Somebody's ghost hits you.
Somebody's ghost gestures at you while chanting.
The magic dart hits you!
You barely miss Somebody's ghost. The slave closely misses you.
Somebody's ghost misses you.
You closely miss Somebody's ghost. You bite Somebody's ghost.
Somebody's ghost's magic leaks into the air.
You drain its magic.
You feel invigorated.
Somebody's ghost is lightly damaged.
The slave hits you. Somebody's ghost hits you. The slave hits you!
* * * LOW HITPOINT WARNING * * *
You puncture Somebody's ghost!
Somebody's ghost is moderately damaged.
Somebody's ghost hits you!
* * * LOW HITPOINT WARNING * * *
The slave hits you.
* * * LOW HITPOINT WARNING * * *
Drink which item? (? for menu, Esc to quit)
Okay, then.
Evoke which item? (* to show all) (? for menu, Esc to quit)
Okay, then.
Read which item? (? for menu, Esc to quit)
Okay, then.
Evoke which item? (* to show all) (? for menu, Esc to quit)
Zapping:
d - a wand of digging {zapped: 1} The rock shatters into small pieces.
Somebody's ghost falters for a moment.
The slave hits you.
* * * LOW HITPOINT WARNING * * *
Somebody's ghost gestures at you while chanting.
The spray of energy hits you!
* * * LOW HITPOINT WARNING * * *
You are confused.
The slave hits you!
* * * LOW HITPOINT WARNING * * *
Unknown command.
Drink which item? (? for menu, Esc to quit)
Okay, then.
Unknown command.
Unknown command.
You puncture Somebody's ghost!
Somebody's ghost is heavily damaged.
Somebody's ghost hits you!
You die...

Action                   |  1- 3 |  4- 6 |  7- 9 || total
-------------------------+-------+-------+-------++-------
Melee: Unarmed           |    68 |   122 |    26 ||   216
       Spear             |       |       |    14 ||    14
 Fire: Blowgun           |       |     4 |       ||     4
 Cast: Sting             |     5 |    18 |       ||    23
Evoke: Wand              |     1 |       |     4 ||     5
  Use: Scroll            |     4 |       |     1 ||     5
       Potion            |     5 |     1 |       ||     6
 Stab: Sleeping          |     2 |       |     2 ||     4

Vault maps used:
D:1:      wheals_arrival_shading, serial_forest, infiniplex_forest_clump_long,
          infiniplex_forest_end_1, infiniplex_forest_straight_4,
          infiniplex_forest_clump_large, infiniplex_forest_lined_room_3,
          infiniplex_forest_end_1, infiniplex_forest_lined_room_,
          infiniplex_forest_lined_room_2
D:2:      uniq_jessica, uniq_iyjb, uniq_crazy_yiuf_cottage
D:3:      yredelemnul_forgotten_temple_becter, nicolae_overflow_hidden_temple,
          st_stairs_9, uniq_terence
D:4:      minitemple, kennysheep_mini_moat, portal_sewer_entry_b, serial_shops,
          nicolae_shop_crystal, st_stairs_4, dk_rats_in_the_wall
D:5:      corexii_shack_village, lightli_temple_of_fire, first_bread,
          kennysheep_pointless_box
D:6:      xom_redecorated, evilmike_ruin_ashenzari, kennysheep_generic_room_3,
          uniq_pikel
Sewer:    kennysheep_pipe_town

Notes
Turn   | Place    | Note
--------------------------------------------------------------
     0 | D:1      | Bloax, the Vine Stalker Monk, began the quest for the Orb.
     0 | D:1      | Reached XP level 1. HP: 11/11 MP: 1/1
   108 | D:1      | Reached skill level 1 in Spellcasting
   108 | D:1      | Reached XP level 2. HP: 16/16 MP: 2/4
   298 | D:2      | Reached XP level 3. HP: 15/19 MP: 6/6
   407 | D:3      | Reached skill level 2 in Spellcasting
   470 | D:3      | Learned a level 1 spell: Sting
   541 | D:2      | Noticed Crazy Yiuf
   563 | D:2      | Killed Crazy Yiuf
   563 | D:2      | Reached XP level 4. HP: 10/23 MP: 2/9
   609 | D:3      | Learned a level 2 spell: Cure Poison
   769 | D:4      | HP: 5/23 [poisoned by a worker ant]
   770 | D:4      | Reached skill level 5 in Unarmed Combat
   770 | D:4      | Reached skill level 3 in Spellcasting
   816 | D:4      | Found Cruyceshi's Weapon Shop.
   852 | D:4      | Noticed an ogre
   863 | D:5      | Entered Level 5 of the Dungeon
   877 | D:5      | Reached XP level 5. HP: 23/27 MP: 10/13
   993 | D:4      | Found a sparkling altar of Nemelex Xobeh.
   996 | D:4      | Found a radiant altar of Vehumet.
  1050 | D:4      | Reached skill level 1 in Poison Magic
  1068 | D:4      | Found a white marble altar of Elyvilon.
  1119 | D:4      | Found a glowing drain.
  1125 | D:4      | Gained mutation: You heal very quickly. [vine stalker growth]
  1125 | D:4      | Reached XP level 6. HP: 28/32 MP: 13/15
  1141 | Sewer    | Entered a sewer
  1186 | Sewer    | Reached skill level 4 in Spellcasting
  1186 | Sewer    | Reached skill level 2 in Poison Magic
  1447 | D:4      | Killed an ogre
  1447 | D:4      | Reached skill level 6 in Unarmed Combat
  1447 | D:4      | Reached XP level 7. HP: 27/35 MP: 10/18
  1477 | D:5      | Noticed an ogre
  1677 | D:5      | Noticed an ice beast
  1700 | D:5      | Killed an ogre
  1714 | D:5      | Killed an ice beast
  1714 | D:5      | Reached skill level 5 in Spellcasting
  1807 | D:5      | Got a crystal spear
  1808 | D:5      | Identified the +7,+10 spear "Plohudat" {venom, rPois Int-1} (You found it on level 5 of the Dungeon)
  1873 | D:6      | Found a shimmering altar of Xom.
  1873 | D:6      | Found a shimmering altar of Xom.
  1899 | D:6      | Found a shattered altar of Ashenzari.
  1961 | D:6      | Noticed Pikel
  1979 | D:6      | Noticed Somebody's ghost (experienced DECj)
  1986 | D:6      | HP: 7/35 [slave[Pikel] (3)]
  1987 | D:6      | HP: 1/35 [slave[Pikel] (6)]
  1989 | D:6      | Mangled by Somebody's ghost

Vanquished Creatures
  An ice beast (D:5)
  An ogre (D:4)
  A hippogriff zombie (D:6)
  3 big fish (Sewer)
  A crimson imp (D:5)
  A hound (D:4)
  A goliath beetle (D:6)
  Crazy Yiuf (D:2)
  An iguana (D:5)
  A centaur skeleton (D:5)
  2 worker ants
  An ogre skeleton (D:4)
  5 adders
  3 giant mites
  A worm (D:2)
  An orc (D:5)
  7 bats
  4 giant cockroaches
  7 hobgoblins
  A quokka (D:3)
  2 ball pythons (Sewer)
  2 giant newts (Sewer)
  7 goblins
  16 kobolds
  8 rats
79 creatures vanquished.

Vanquished Creatures (collateral kills)
  An ogre (D:5)
  A hobgoblin (D:5)
  A giant spore (D:6)
3 creatures vanquished.

Grand Total: 82 creatures vanquished
